 Dungeon Crawl Stone Soup version 0.27-a0-1381-g81fdcbfb23 (webtiles) character file.

Game seed: 3796894110713490564

100 Nattfarinn the Changer (level 4, 0/28 HPs)
             Began as an Octopode Transmuter on June 30, 2021.
             Slain by an orc (7 damage)
             ... on level 3 of the Dungeon.
             The game lasted 00:02:35 (3035 turns).

Nattfarinn the Changer (Octopode Transmuter)        Turns: 3035, Time: 00:02:35

Health: 0/28       AC:  1    Str: 10    XL:     4   Next: 74%
Magic:  7/7        EV: 13    Int: 15    God:
Gold:   124        SH:  0    Dex: 12    Spells: 3/7 levels left

rFire    . . .     SeeInvis .     - Unarmed
rCold    . . .     Faith    .   (no shield)
rNeg     . . .     Spirit   .   (helmet restricted)
rPois    .         Reflect  .   (no amulet)
rElec    .         Harm     .   (no ring)
rCorr    .         Rampage  .   (no ring)
Will     .....                  (no ring)
Stlth    ++........             (no ring)
HPRegen  0.09/turn              (no ring)
MPRegen  0.10/turn              (no ring)
                                (no ring)
                                (no ring)

@: no status effects
A: almost no armour, amphibious, 8 rings, camouflage 1, gelatinous body 1,
(nimble swimmer 1), tentacles
a: no special abilities


You were on level 3 of the Dungeon.
You visited 1 branch of the dungeon, and saw 3 of its levels.

You collected 124 gold pieces.

Inventory:

Missiles
 c - 7 curare-tipped darts
Wands
 i - a wand of charming (6)
 j - a wand of flame (14)
Scrolls
 a - 3 scrolls of identify {unknown}
 b - a scroll of vulnerability {unknown}
 f - a scroll of holy word {unknown}
 h - 3 scrolls of teleportation {unknown}
Potions
 d - a potion of magic {unknown}
 e - 2 potions of attraction {unknown}
 g - a potion of heal wounds {unknown}


   Skills:
 - Level 1.0 Fighting
 - Level 2.0 Dodging
 - Level 3.0 Unarmed Combat
 - Level 2.0 Spellcasting
 * Level 4.8 Transmutations


You had 3 spell levels left.
You knew the following spells:

 Your Spells              Type           Power      Damage    Failure   Level
a - Beastly Appendage     Tmut           30%        N/A       3%          1
b - Spider Form           Tmut/Pois      4%         N/A       26%         3

Your spell library contained the following spells:

 Spells                   Type           Power      Damage    Failure   Level
 Wereblood                Tmut           15%        N/A       4%          2
 Ice Form                 Ice/Tmut       8%         N/A       63%         4


Dungeon Overview and Level Annotations

Branches:
Dungeon (3/15)

Altars:


Innate Abilities, Weirdness & Mutations

You cannot wear most types of armour.
You are amphibious.
You can wear up to eight rings at the same time.
Your skin changes colour to match your surroundings (Stealth+).
Your rubbery body absorbs attacks. (AC +1, EV +1)
((You are camouflaged near water. (Stealth+)))
You have tentacles for arms and can constrict up to eight enemies at once.


Message History

You barely miss the orc priest. You grab the orc priest.
You constrict the orc priest.
The orc priest looks braver for a moment.
You barely miss the orc priest.
The orc priest is lightly wounded.
You constrict the orc priest. The orc priest misses you.
The orc cheers repeatedly.
The orc hits you with a +0 club.
You tentacle-slap the orc priest.
The orc priest is moderately wounded.
You constrict the orc priest.
The orc priest struggles to escape constriction.
The orc closely misses you.
You barely miss the orc priest.
The orc priest is heavily wounded.
You constrict the orc priest. The orc priest hits you with a +0 club.
You tentacle-slap the orc. You grab the orc.
The orc is severely wounded.
You constrict the orc, but do no damage.
You constrict the orc priest. The orc priest barely misses you.
The orc hits you with a +0 club.
You tentacle-slap the orc. Your grab misses the orc.
Your squeeze misses the orc.
The orc is lightly wounded.
You constrict the orc.
You kill the orc!
You constrict the orc priest.
The orc priest miscasts a cantrip.
The orc misses you.
You tentacle-slap the orc. Your grab misses the orc.
The orc is lightly wounded.
You constrict the orc priest.
You kill the orc priest!
The orc hits you with a +0 whip.
* * * LOW HITPOINT WARNING * * *
You tentacle-slap the orc but do no damage.
You grab the orc.
The orc is lightly wounded.
You constrict the orc. The orc hits you with a +0 whip!
You die...

###......##.#.# #)#.
.......###.#.# #.#.
###.#..## #.#.# #.#.
#.#..# #.#.######..<
#.#..# #.#..........
####....####.##.........
.......)........#####..#
#####.......#..# #..
#)@######..# #.. #o)#
#..# #.. #.$# #..# #..
...# #..# #.#.# ...#
#.#.# ##.# ..#.# ####.#


You could see an orc.

Vanquished Creatures
  An orc priest (D:3)
  An adder (D:2)
  2 dart slugs
  An orc (D:3)
  8 ball pythons
  3 bats
  2 endoplasms
  A giant cockroach (D:2)
  6 goblins
  6 hobgoblins
  4 jackals (D:1)
  2 quokkas
  5 frilled lizards
  10 kobolds
  6 rats
58 creatures vanquished.

Notes
Turn   | Place    | Note
-------+----------+-------------------------------------------
     0 | D:1      | Nattfarinn the Octopode Transmuter began the quest for the
                  | Orb.
     0 | D:1      | Reached XP level 1. HP: 13/13 MP: 3/3
   405 | D:1      | Reached XP level 2. HP: 4/18 MP: 5/5
   730 | D:1      | Reached skill level 3 in Transmutations
   906 | D:1      | Found a faded altar of an unknown god.
  1265 | D:1      | Reached XP level 3. HP: 23/23 MP: 4/6
  1643 | D:1      | Learned a level 3 spell: Spider Form
  2222 | D:2      | Reached skill level 4 in Transmutations
  2483 | D:2      | Reached XP level 4. HP: 25/28 MP: 7/7
  3035 | D:3      | Slain by an orc

Illustrated notes

Levels and vault maps discovered:
D:1:      scummos_arrival_hexagon, layout_loops_ring,
          shapermc_ecumenical_altar_mp_ritualfount
D:2:      layout_basic, kennysheep_cluttered_room, minmay_tiny_reverse_x
D:3:      layout_loops_ring

Skill      XL: |  1  2  3 |
---------------+----------+-----
Transmutations | 3 4 |  4.8
Fighting       | |  1.0
Dodging        | |  2.0
Unarmed Combat | |  3.0
Spellcasting   | |  2.0

Action                   |  1- 3 |  4- 6 || total
-------------------------+-------+-------++-------
Melee: Unarmed           |    88 |    37 ||   125
       Constrict         |    26 |     9 ||    35
       Tentacles         |    10 |     1 ||    11
       Kick              |     5 |       ||     5
       Punch             |       |     1 ||     1
 Cast: Beastly Appendage |     8 |       ||     8
 Stab: Sleeping          |     5 |     3 ||     8
Armor: Skin              |     1 |     3 ||     4
Dodge: Dodged            |    48 |    16 ||    64

Table legend: (Time is in decaauts)
 A = Elapsed time spent in this place.
 B = Non-inter-level travel time spent in this place.
 C = Inter-level travel time spent in this place.
 D = Time resting spent in this place.
 E = Time spent auto-exploring this place.
 F = Levels seen in this place.
 G = Mean time per level.
                   A        B        C        D        E       F      G
               +--------+--------+--------+--------+--------+-----+--------+
         Total |   3028 |   3002 |     26 |    254 |   2417 |   3 | 1009.3 |
       Dungeon |   3028 |   3002 |     26 |    254 |   2417 |   3 | 1009.3 |
               +--------+--------+--------+--------+--------+-----+--------+

Top non-repeatable levels by time:
     D:1: 1651 daAuts
     D:2: 1025 daAuts
     D:3: 351 daAuts
